2140 views
Uploaded 2022-07-20 22:30:08
Game version 1.32.10
124:48 long 1on1on1on1 ladder game on (8)MarketSquare
Saved by ǢƂŎ
2140 views
Uploaded 2022-07-20 22:30:08
Game version 1.32.10
124:48 long 1on1on1on1 ladder game on (8)MarketSquare

109 units @ 17.7k
/ 3.6k
86 buildings @ 8.2k
/ 4.9k



| Scroll of Regeneration | 2 | 200 |
| Mechanical Critter | 8 | 400 |
| Lesser Clarity Potion | 4 | 280 |
| Scroll of Town Portal | 9 | 3150 |
| Scroll of Healing | 1 | 250 |
| Periapt of Vitality | 9 | 2925 |
| Scroll of Protection | 1 | 150 |
| total: | 34 | 7355g |
| Peasant | 30 | 2250 | / | 0 |
| Rifleman | 5 | 1025 | / | 150 |
| Knight | 16 | 3920 | / | 960 |
| Spell Breaker | 8 | 1720 | / | 240 |
| Priest | 8 | 1080 | / | 80 |
| Sorceress | 9 | 1395 | / | 180 |
| Flying Machine | 7 | 700 | / | 210 |
| Mortar Team | 11 | 1980 | / | 770 |
| Gryphon Rider | 8 | 2240 | / | 560 |
| Siege Engine | 7 | 1365 | / | 420 |
| total: | 109 | 17675g | / | 3570w |
| Scout Tower | 51 | 1530 | / | 1020 |
| Arcane Tower | 23 | 1610 | / | 1150 |
| Guard Tower | 7 | 490 | / | 350 |
| Altar of Kings | 1 | 180 | / | 50 |
| Farm | 8 | 640 | / | 160 |
| Barracks | 2 | 320 | / | 120 |
| Blacksmith | 1 | 140 | / | 60 |
| Arcane Vault | 1 | 130 | / | 30 |
| Town Hall | 9 | 3465 | / | 1845 |
| Lumber Mill | 2 | 240 | / | 0 |
| Cannon Tower | 3 | 360 | / | 300 |
| Arcane Sanctum | 2 | 300 | / | 280 |
| Workshop | 5 | 700 | / | 700 |
| Gryphon Aviary | 4 | 560 | / | 600 |
| Keep | 1 | 320 | / | 210 |
| Castle | 1 | 360 | / | 210 |
| total: | 86 | 8205g | / | 4865w |
| 0:03 | Peasant |
| 0:03 | Peasant |
| 0:04 | Peasant |
| 0:04 | Peasant |
| 0:06 | Peasant |
| 0:06 | Peasant |
| 0:22 | Altar of Kings |
| 0:41 | Farm |
| 0:49 | Peasant |
| 0:50 | Peasant |
| 0:56 | Barracks |
| 1:07 | Farm |
| 1:09 | Peasant |
| 1:28 | Peasant |
| 1:28 | Peasant |
| 1:51 | Blacksmith |
| 1:52 | Peasant |
| 1:52 | Peasant |
| 1:58 | Farm |
| 2:02 | Farm |
| 2:07 | Farm |
| 2:14 | Peasant |
| 2:27 | Arcane Vault |
| 2:32 | Summon Water Elemental |
| 2:50 | Peasant |
| 2:50 | Peasant |
| 2:50 | Peasant |
| 3:05 | Peasant |
| 3:05 | Peasant |
| 3:42 | Rifleman |
| 4:02 | Town Hall |
| 4:05 | Brilliance Aura |
| 4:10 | Rifleman |
| 4:18 | Peasant |
| 4:28 | Peasant |
| 4:48 | Peasant |
| 5:20 | Keep |
| 5:30 | Scroll of Regeneration |
| 5:31 | Scroll of Regeneration |
| 5:41 | Rifleman |
| 6:03 | Rifleman |
| 6:04 | Black Gunpowder |
| 6:05 | Studded Leather Armor |
| 6:30 | Rifleman |
| 6:54 | Summon Water Elemental |
| 7:46 | Castle |
| 7:52 | Town Hall |
| 8:05 | Town Hall |
| 8:23 | Refined Gunpowder |
| 8:24 | Reinforced Leather Armor |
| 8:32 | Long Rifles |
| 8:38 | Lumber Mill |
| 8:58 | Healing Spray |
| 9:36 | Acid Bomb |
| 10:33 | Scout Tower |
| 10:36 | Improved Masonry |
| 10:37 | Improved Lumber Harvesting |
| 10:50 | Brilliance Aura |
| 11:23 | Imbued Gunpowder |
| 11:23 | Dragonhide Armor |
| 11:42 | Healing Spray |
| 11:42 | Healing Spray |
| 11:47 | Holy Light |
| 11:57 | Arcane Sanctum |
| 12:01 | Arcane Sanctum |
| 12:06 | Workshop |
| 12:09 | Workshop |
| 12:27 | Lumber Mill |
| 12:34 | Arcane Tower |
| 12:38 | Devotion Aura |
| 12:52 | Peasant |
| 12:52 | Peasant |
| 12:53 | Peasant |
| 13:13 | Periapt of Vitality |
| 13:20 | Advanced Masonry |
| 13:20 | Advanced Lumber Harvesting |
| 13:57 | Priest Adept Training |
| 13:58 | Sorceress Adept Training |
| 14:13 | Town Hall |
| 14:44 | Magic Sentry |
| 14:45 | Sorceress Master Training |
| 14:46 | Control Magic |
| 15:01 | Iron Forged Swords |
| 15:02 | Iron Plating |
| 15:23 | Scout Tower |
| 15:25 | Scout Tower |
| 15:27 | Scout Tower |
| 15:28 | Scout Tower |
| 15:29 | Scout Tower |
| 15:29 | Scout Tower |
| 15:30 | Scout Tower |
| 15:32 | Scout Tower |
| 15:33 | Scout Tower |
| 15:34 | Scout Tower |
| 15:38 | Scroll of Town Portal |
| 15:40 | Periapt of Vitality |
| 15:54 | Acid Bomb |
| 16:04 | Priest Master Training |
| 17:28 | Guard Tower |
| 17:56 | Flak Cannons |
| 17:57 | Steel Forged Swords |
| 17:58 | Steel Plating |
| 18:00 | Flying Machine Bombs |
| 18:05 | Barracks |
| 18:09 | Farm |
| 18:10 | Farm |
| 18:12 | Farm |
| 18:24 | Devotion Aura |
| 18:31 | Arcane Tower |
| 19:04 | Arcane Tower |
| 19:06 | Cannon Tower |
| 19:12 | Mechanical Critter |
| 19:12 | Mechanical Critter |
| 20:24 | Periapt of Vitality |
| 20:29 | Holy Light |
| 20:35 | Guard Tower |
| 22:31 | Imbued Masonry |
| 22:39 | Animal War Training |
| 23:26 | Scroll of Protection |
| 23:27 | Periapt of Vitality |
| 23:28 | Scroll of Healing |
| 23:34 | Knight |
| 23:37 | Spell Breaker |
| 23:39 | Priest |
| 23:43 | Priest |
| 23:47 | Sorceress |
| 23:54 | Knight |
| 23:58 | Peasant |
| 23:58 | Peasant |
| 24:13 | Scout Tower |
| 24:21 | Scout Tower |
| 24:22 | Scout Tower |
| 24:43 | Healing Spray |
| 25:16 | Summon Water Elemental |
| 25:35 | Peasant |
| 25:35 | Peasant |
| 25:47 | Town Hall |
| 25:54 | Scout Tower |
| 26:53 | Arcane Tower |
| 27:03 | Periapt of Vitality |
| 28:24 | Town Hall |
| 28:33 | Periapt of Vitality |
| 28:55 | Guard Tower |
| 29:03 | Scout Tower |
| 29:05 | Scout Tower |
| 29:06 | Scout Tower |
| 29:07 | Scout Tower |
| 29:08 | Scout Tower |
| 29:09 | Scout Tower |
| 29:10 | Scout Tower |
| 29:14 | Scout Tower |
| 29:17 | Scout Tower |
| 29:19 | Scout Tower |
| 29:25 | Scout Tower |
| 29:27 | Scout Tower |
| 29:59 | Periapt of Vitality |
| 30:12 | Cannon Tower |
| 30:15 | Guard Tower |
| 30:38 | Mithril Forged Swords |
| 30:38 | Mithril Plating |
| 30:58 | Guard Tower |
| 31:52 | Periapt of Vitality |
| 32:03 | Cannon Tower |
| 32:04 | Guard Tower |
| 32:24 | Workshop |
| 32:31 | Workshop |
| 33:10 | Periapt of Vitality |
| 33:49 | Arcane Tower |
| 33:53 | Guard Tower |
| 34:32 | Mechanical Critter |
| 34:32 | Mechanical Critter |
| 35:09 | Town Hall |
| 37:02 | Devotion Aura |
| 38:23 | Arcane Tower |
| 40:16 | Knight |
| 40:19 | Sorceress |
| 40:20 | Arcane Tower |
| 40:45 | Scroll of Town Portal |
| 41:15 | Scroll of Town Portal |
| 41:23 | Flying Machine |
| 41:32 | Peasant |
| 44:07 | Knight |
| 45:47 | Knight |
| 46:03 | Knight |
| 46:05 | Sorceress |
| 46:07 | Priest |
| 46:23 | Gryphon Aviary |
| 46:26 | Gryphon Aviary |
| 46:31 | Gryphon Aviary |
| 46:45 | Scroll of Town Portal |
| 46:54 | Spell Breaker |
| 47:41 | Flying Machine |
| 49:06 | Town Hall |
| 50:12 | Town Hall |
| 50:48 | Storm Hammers |
| 50:52 | Gryphon Aviary |
| 52:19 | Knight |
| 52:49 | Priest |
| 53:39 | Priest |
| 53:52 | Flying Machine |
| 55:47 | Transmute |
| 56:19 | Priest |
| 56:21 | Mortar Team |
| 56:23 | Fragmentation Shards |
| 56:24 | Flare |
| 57:56 | Resurrection |
| 58:44 | Mass Teleport |
| 59:13 | Sorceress |
| 59:31 | Scroll of Town Portal |
| 59:47 | Lesser Clarity Potion |
| 59:47 | Lesser Clarity Potion |
| 59:52 | Mechanical Critter |
| 59:52 | Mechanical Critter |
| 64:03 | Barrage |
| 64:56 | Flying Machine |
| 64:57 | Flying Machine |
| 64:58 | Flying Machine |
| 65:01 | Knight |
| 65:08 | Spell Breaker |
| 65:12 | Mechanical Critter |
| 65:15 | Mechanical Critter |
| 67:43 | Gryphon Rider |
| 67:45 | Gryphon Rider |
| 67:50 | Knight |
| 68:05 | Priest |
| 68:13 | Scroll of Town Portal |
| 68:19 | Mortar Team |
| 68:22 | Sorceress |
| 68:22 | Sorceress |
| 68:32 | Lesser Clarity Potion |
| 72:12 | Knight |
| 75:11 | Acid Bomb |
| 77:03 | Lesser Clarity Potion |
| 77:27 | Spell Breaker |
| 77:33 | Spell Breaker |
| 77:39 | Knight |
| 77:40 | Knight |
| 77:56 | Scroll of Town Portal |
| 78:23 | Knight |
| 78:24 | Knight |
| 78:28 | Gryphon Rider |
| 78:30 | Spell Breaker |
| 79:43 | Sorceress |
| 80:10 | Mortar Team |
| 80:18 | Scroll of Town Portal |
| 80:41 | Flying Machine |
| 85:07 | Gryphon Rider |
| 86:00 | Spell Breaker |
| 86:12 | Scroll of Town Portal |
| 86:51 | Scout Tower |
| 86:54 | Scout Tower |
| 88:28 | Arcane Tower |
| 88:30 | Scout Tower |
| 88:34 | Scout Tower |
| 88:52 | Mortar Team |
| 89:01 | Arcane Tower |
| 89:05 | Arcane Tower |
| 89:30 | Scout Tower |
| 89:33 | Scout Tower |
| 90:15 | Arcane Tower |
| 90:19 | Scout Tower |
| 90:55 | Scout Tower |
| 91:04 | Scout Tower |
| 91:29 | Arcane Tower |
| 92:25 | Scout Tower |
| 92:31 | Mortar Team |
| 93:11 | Scout Tower |
| 95:23 | Holy Light |
| 96:39 | Brilliance Aura |
| 96:49 | Workshop |
| 96:50 | Arcane Tower |
| 97:51 | Mortar Team |
| 100:06 | Mortar Team |
| 101:50 | Scout Tower |
| 102:13 | Cloud |
| 102:21 | Arcane Tower |
| 103:38 | Scout Tower |
| 104:55 | Scout Tower |
| 105:00 | Mortar Team |
| 105:25 | Arcane Tower |
| 106:51 | Sorceress |
| 106:58 | Knight |
| 107:17 | Gryphon Rider |
| 107:25 | Mortar Team |
| 107:29 | Spell Breaker |
| 107:38 | Scout Tower |
| 107:43 | Scout Tower |
| 107:53 | Knight |
| 108:42 | Scout Tower |
| 108:46 | Arcane Tower |
| 108:50 | Scout Tower |
| 109:41 | Arcane Tower |
| 109:43 | Scout Tower |
| 109:44 | Arcane Tower |
| 110:07 | Sorceress |
| 110:14 | Gryphon Rider |
| 110:17 | Gryphon Rider |
| 110:53 | Scout Tower |
| 110:54 | Arcane Tower |
| 112:51 | Scout Tower |
| 114:02 | Arcane Tower |
| 114:23 | Gryphon Rider |
| 115:31 | Scout Tower |
| 116:04 | Arcane Tower |
| 116:35 | Mortar Team |
| 117:01 | Scout Tower |
| 117:14 | Scout Tower |
| 118:21 | Mortar Team |
| 118:45 | Arcane Tower |
| 118:46 | Arcane Tower |
| 119:06 | Siege Engine |
| 119:06 | Siege Engine |
| 122:58 | Siege Engine |
| 122:58 | Siege Engine |
| 122:58 | Siege Engine |
| 123:18 | Siege Engine |
| 123:24 | Priest |
| 123:50 | Siege Engine |
| Right click | 5195 |
| Select group | 3171 |
| Select | 2112 |
| Use ability | 355 |
| Build/train/purchase | 350 |
| Misc. action | 315 |
| Assign group | 110 |
| Item give/drop | 27 |
| Chat | 20 |
| Remove unit | 12 |
/ 0.1k
14 buildings @ 1.5k
/ 0.6k

| Peasant | 12 | 900 | / | 0 |
| Footman | 5 | 675 | / | 0 |
| Rifleman | 3 | 615 | / | 90 |
| total: | 20 | 2190g | / | 90w |
| Scout Tower | 4 | 120 | / | 80 |
| Arcane Tower | 1 | 70 | / | 50 |
| Guard Tower | 2 | 140 | / | 100 |
| Lumber Mill | 1 | 120 | / | 0 |
| Farm | 5 | 400 | / | 100 |
| Altar of Kings | 1 | 180 | / | 50 |
| Barracks | 1 | 160 | / | 60 |
| Blacksmith | 1 | 140 | / | 60 |
| Town Hall | 1 | 385 | / | 205 |
| Keep | 1 | 320 | / | 210 |
| total: | 14 | 1505g | / | 555w |
| 0:03 | Peasant |
| 0:03 | Peasant |
| 0:03 | Peasant |
| 0:03 | Peasant |
| 0:04 | Peasant |
| 0:17 | Peasant |
| 0:21 | Lumber Mill |
| 0:35 | Farm |
| 0:36 | Farm |
| 0:50 | Altar of Kings |
| 1:07 | Barracks |
| 1:11 | Peasant |
| 1:22 | Peasant |
| 1:29 | Improved Lumber Harvesting |
| 1:43 | Farm |
| 1:44 | Peasant |
| 1:56 | Scout Tower |
| 1:58 | Peasant |
| 2:08 | Farm |
| 2:12 | Peasant |
| 2:16 | Footman |
| 2:23 | Arcane Tower |
| 2:38 | Peasant |
| 2:42 | Footman |
| 2:51 | Summon Water Elemental |
| 3:02 | Footman |
| 3:22 | Footman |
| 3:39 | Footman |
| 4:26 | Keep |
| 4:29 | Blacksmith |
| 4:54 | Farm |
| 5:15 | Rifleman |
| 5:39 | Rifleman |
| 6:09 | Brilliance Aura |
| 6:17 | Rifleman |
| 6:21 | Scout Tower |
| 6:22 | Scout Tower |
| 6:29 | Scout Tower |
| 6:35 | Town Hall |
| 7:01 | Guard Tower |
| 7:02 | Guard Tower |
| Right click | 312 |
| Select | 119 |
| Build/train/purchase | 36 |
| Use ability | 1 |
| Remove unit | 1 |
87 units @ 10.4k
/ 1.2k
125 buildings @ 18.3k
/ 9.7k



| Healing Salve | 7 | 700 |
| Scroll of Speed | 1 | 50 |
| Lesser Clarity Potion | 9 | 630 |
| Potion of Mana | 4 | 800 |
| Orb of Lightning | 1 | 375 |
| Scroll of Town Portal | 4 | 1400 |
| Circlet of Nobility | 7 | 1225 |
| Periapt of Vitality | 2 | 650 |
| total: | 35 | 5830g |
| Peon | 44 | 3300 | / | 0 |
| Troll Headhunter | 7 | 980 | / | 140 |
| Troll Witch Doctor | 11 | 1595 | / | 275 |
| Shaman | 12 | 1560 | / | 240 |
| Kodo Beast | 2 | 510 | / | 120 |
| Wind Rider | 6 | 1590 | / | 240 |
| Spirit Walker | 2 | 390 | / | 70 |
| Troll Batrider | 3 | 480 | / | 120 |
| total: | 87 | 10405g | / | 1205w |
| Watch Tower | 57 | 6270 | / | 4560 |
| Orc Burrow | 11 | 1760 | / | 440 |
| Altar of Storms | 1 | 180 | / | 50 |
| War Mill | 9 | 1845 | / | 0 |
| Barracks | 4 | 720 | / | 200 |
| Voodoo Lounge | 6 | 780 | / | 180 |
| Great Hall | 10 | 3850 | / | 1850 |
| Spirit Lodge | 2 | 300 | / | 300 |
| Tauren Totem | 2 | 270 | / | 310 |
| Beastiary | 8 | 1160 | / | 1120 |
| Stronghold | 2 | 630 | / | 380 |
| Fortress | 2 | 650 | / | 380 |
| Scout Tower | 11 | 330 | / | 220 |
| Town Hall | 1 | 385 | / | 205 |
| Blacksmith | 1 | 140 | / | 60 |
| Altar of Kings | 1 | 180 | / | 50 |
| Cannon Tower | 12 | 1440 | / | 1200 |
| Workshop | 1 | 140 | / | 140 |
| Keep | 2 | 640 | / | 420 |
| Castle | 2 | 720 | / | 420 |
| total: | 125 | 18310g | / | 9685w |
| 0:02 | Peon |
| 0:02 | Peon |
| 0:02 | Peon |
| 0:18 | Orc Burrow |
| 0:36 | Altar of Storms |
| 0:37 | Peon |
| 0:48 | War Mill |
| 0:56 | Peon |
| 1:05 | Barracks |
| 1:15 | Peon |
| 1:25 | Peon |
| 1:47 | Peon |
| 1:49 | Orc Burrow |
| 2:10 | Troll Headhunter |
| 2:13 | Voodoo Lounge |
| 2:24 | Troll Headhunter |
| 2:35 | Mirror Image |
| 2:47 | Troll Headhunter |
| 3:13 | Stronghold |
| 3:22 | Troll Headhunter |
| 3:29 | Healing Salve |
| 3:52 | Troll Headhunter |
| 4:27 | Critical Strike |
| 4:29 | Troll Headhunter |
| 4:31 | Orc Burrow |
| 4:46 | Spiked Barricades |
| 5:33 | Mirror Image |
| 5:37 | Fortress |
| 5:48 | Spirit Lodge |
| 6:16 | Great Hall |
| 6:33 | Troll Regeneration |
| 6:37 | Healing Salve |
| 6:37 | Scroll of Speed |
| 6:37 | Lesser Clarity Potion |
| 6:38 | Hex |
| 7:08 | Troll Witch Doctor |
| 7:08 | Troll Headhunter |
| 7:31 | Witch Doctor Adept Training |
| 7:33 | War Mill |
| 7:37 | Critical Strike |
| 9:06 | Silence |
| 9:11 | Peon |
| 9:11 | Peon |
| 9:13 | Peon |
| 9:13 | Peon |
| 9:13 | Peon |
| 9:13 | Peon |
| 9:24 | Berserker Upgrade |
| 9:27 | Scroll of Town Portal |
| 9:28 | Lesser Clarity Potion |
| 9:31 | Lesser Clarity Potion |
| 9:38 | Healing Salve |
| 9:55 | Steel Ranged Weapons |
| 10:00 | Steel Armor |
| 10:01 | Peon |
| 10:25 | Great Hall |
| 10:58 | Thorium Ranged Weapons |
| 10:59 | Reinforced Defenses |
| 11:00 | Improved Spiked Barricades |
| 11:15 | Healing Wave |
| 11:15 | Healing Wave |
| 11:21 | Thorium Armor |
| 12:08 | Steel Melee Weapons |
| 12:10 | Shaman Adept Training |
| 12:10 | Shaman Master Training |
| 12:11 | Witch Doctor Master Training |
| 12:19 | Potion of Mana |
| 12:19 | Scroll of Town Portal |
| 12:20 | Lesser Clarity Potion |
| 12:25 | Orc Burrow |
| 12:27 | Orc Burrow |
| 12:34 | Orc Burrow |
| 12:43 | Watch Tower |
| 12:47 | Life Drain |
| 12:48 | Critical Strike |
| 13:11 | Orc Burrow |
| 13:15 | Tauren Totem |
| 13:20 | Healing Wave |
| 13:20 | Healing Wave |
| 13:47 | Peon |
| 13:47 | Peon |
| 13:47 | Peon |
| 13:47 | Peon |
| 13:48 | Peon |
| 14:15 | Arcanite Ranged Weapons |
| 14:16 | Peon |
| 14:31 | Orc Burrow |
| 14:59 | Silence |
| 15:17 | Spirit Walker Adept Training |
| 15:19 | Tauren Totem |
| 15:27 | Watch Tower |
| 15:43 | Watch Tower |
| 15:45 | Barracks |
| 17:20 | Hex |
| 17:29 | Arcanite Armor |
| 17:29 | Thorium Melee Weapons |
| 17:54 | Circlet of Nobility |
| 17:59 | Periapt of Vitality |
| 18:08 | Beastiary |
| 18:36 | Great Hall |
| 18:57 | Life Drain |
| 19:12 | Arcanite Melee Weapons |
| 19:14 | War Drums Damage Increase |
| 20:27 | Healing Wave |
| 20:36 | Watch Tower |
| 20:37 | Watch Tower |
| 20:38 | Watch Tower |
| 20:58 | Great Hall |
| 21:03 | Spirit Walker Master Training |
| 21:12 | Orc Burrow |
| 21:46 | Silence |
| 21:52 | Watch Tower |
| 21:53 | Watch Tower |
| 22:15 | Periapt of Vitality |
| 22:19 | Circlet of Nobility |
| 22:28 | Beastiary |
| 23:03 | Spirit Lodge |
| 23:35 | Great Hall |
| 25:15 | Envenomed Spears |
| 25:15 | Liquid Fire |
| 26:46 | Bladestorm |
| 27:26 | Ensnare |
| 27:51 | Peon |
| 27:59 | Pulverize |
| 28:00 | Pillage |
| 28:03 | Shaman |
| 28:09 | Shaman |
| 28:11 | Troll Witch Doctor |
| 28:21 | Watch Tower |
| 28:22 | Watch Tower |
| 28:23 | Watch Tower |
| 28:24 | Watch Tower |
| 28:26 | Watch Tower |
| 28:35 | War Mill |
| 28:43 | Voodoo Lounge |
| 29:09 | Orb of Lightning |
| 29:37 | Circlet of Nobility |
| 29:37 | Circlet of Nobility |
| 30:07 | Watch Tower |
| 30:09 | Watch Tower |
| 30:11 | Watch Tower |
| 30:22 | Peon |
| 30:22 | Peon |
| 30:38 | Beastiary |
| 30:40 | Beastiary |
| 30:47 | Beastiary |
| 30:52 | Watch Tower |
| 30:53 | Watch Tower |
| 31:00 | Watch Tower |
| 33:51 | Charm |
| 35:23 | Mirror Image |
| 36:00 | Big Bad Voodoo |
| 36:17 | Troll Witch Doctor |
| 36:29 | Watch Tower |
| 36:34 | Great Hall |
| 36:37 | Lesser Clarity Potion |
| 36:42 | Lesser Clarity Potion |
| 36:45 | Healing Salve |
| 37:21 | Great Hall |
| 37:51 | Troll Witch Doctor |
| 37:51 | Shaman |
| 37:57 | Peon |
| 38:16 | Peon |
| 40:15 | Great Hall |
| 41:05 | Watch Tower |
| 41:06 | Watch Tower |
| 41:07 | Watch Tower |
| 41:43 | Circlet of Nobility |
| 41:55 | Kodo Beast |
| 41:58 | Shaman |
| 42:02 | Troll Witch Doctor |
| 42:20 | Circlet of Nobility |
| 45:48 | Shaman |
| 45:49 | Troll Witch Doctor |
| 46:00 | Great Hall |
| 46:08 | Watch Tower |
| 46:08 | Watch Tower |
| 46:08 | Watch Tower |
| 46:08 | Watch Tower |
| 46:09 | Watch Tower |
| 46:09 | Watch Tower |
| 46:22 | Circlet of Nobility |
| 46:41 | Peon |
| 46:42 | Peon |
| 46:42 | Peon |
| 46:43 | Peon |
| 47:21 | Life Drain |
| 49:05 | Hex |
| 49:11 | Wind Walk |
| 49:39 | Healing Salve |
| 49:44 | Lesser Clarity Potion |
| 49:45 | Potion of Mana |
| 49:50 | Scroll of Town Portal |
| 49:59 | Barracks |
| 50:09 | War Mill |
| 50:36 | Barracks |
| 50:40 | War Mill |
| 52:28 | Shaman |
| 52:28 | Troll Witch Doctor |
| 52:43 | Healing Salve |
| 52:47 | Scroll of Town Portal |
| 52:51 | Lesser Clarity Potion |
| 52:53 | Potion of Mana |
| 53:02 | Watch Tower |
| 53:03 | Watch Tower |
| 53:31 | Peon |
| 53:31 | Peon |
| 53:31 | Peon |
| 53:31 | Peon |
| 53:31 | Peon |
| 53:40 | Watch Tower |
| 55:03 | Watch Tower |
| 55:24 | Black Arrow |
| 55:33 | Wind Rider |
| 55:34 | Wind Rider |
| 55:36 | Wind Rider |
| 55:54 | Voodoo Lounge |
| 56:06 | Peon |
| 56:26 | Spirit Walker |
| 56:30 | Watch Tower |
| 56:31 | Watch Tower |
| 56:33 | Watch Tower |
| 59:40 | Shaman |
| 59:40 | Troll Witch Doctor |
| 59:50 | Lesser Clarity Potion |
| 59:52 | Potion of Mana |
| 59:57 | Healing Salve |
| 60:59 | Shaman |
| 61:31 | Wind Walk |
| 61:45 | Peon |
| 62:05 | Watch Tower |
| 62:06 | Watch Tower |
| 62:06 | Watch Tower |
| 62:28 | Shaman |
| 62:32 | Kodo Beast |
| 62:41 | Wind Rider |
| 62:42 | Wind Rider |
| 64:38 | Serpent Ward |
| 65:11 | Wind Rider |
| 65:24 | Watch Tower |
| 65:24 | Watch Tower |
| 65:25 | Watch Tower |
| 65:32 | Great Hall |
| 65:33 | War Mill |
| 65:56 | Voodoo Lounge |
| 65:58 | Watch Tower |
| 67:54 | Watch Tower |
| 67:54 | Watch Tower |
| 67:55 | Watch Tower |
| 68:13 | Peon |
| 68:13 | Peon |
| 68:13 | Peon |
| 68:16 | Peon |
| 68:16 | Peon |
| 68:16 | Peon |
| 68:25 | Shaman |
| 68:50 | Peon |
| 69:42 | Watch Tower |
| 69:49 | Beastiary |
| 71:54 | Wind Walk |
| 72:26 | Troll Batrider |
| 72:40 | Beastiary |
| 72:41 | Beastiary |
| 73:03 | Shaman |
| 73:05 | Troll Witch Doctor |
| 73:09 | Spirit Walker |
| 73:11 | Orc Burrow |
| 73:12 | Orc Burrow |
| 76:32 | Watch Tower |
| 76:33 | Watch Tower |
| 79:08 | Shaman |
| 79:42 | Watch Tower |
| 79:44 | Watch Tower |
| 81:11 | Town Hall |
| 82:34 | Serpent Ward |
| 83:40 | Watch Tower |
| 83:40 | Watch Tower |
| 85:04 | Black Arrow |
| 85:40 | Keep |
| 85:45 | Scout Tower |
| 85:49 | Voodoo Lounge |
| 86:31 | Blacksmith |
| 86:45 | War Mill |
| 88:10 | Altar of Kings |
| 89:14 | Castle |
| 89:18 | Scout Tower |
| 89:19 | Scout Tower |
| 90:25 | Watch Tower |
| 90:31 | Scout Tower |
| 90:32 | Scout Tower |
| 91:01 | Workshop |
| 93:46 | Voodoo Lounge |
| 93:51 | Cannon Tower |
| 93:53 | Cannon Tower |
| 94:03 | War Mill |
| 96:43 | Watch Tower |
| 96:44 | Watch Tower |
| 96:45 | Cannon Tower |
| 98:00 | Cannon Tower |
| 98:20 | Watch Tower |
| 100:05 | Troll Witch Doctor |
| 102:00 | Troll Witch Doctor |
| 102:29 | Scout Tower |
| 102:39 | Scout Tower |
| 102:40 | Scout Tower |
| 104:44 | Cannon Tower |
| 104:55 | Scout Tower |
| 104:56 | Scout Tower |
| 104:56 | Scout Tower |
| 107:22 | War Mill |
| 107:41 | Cannon Tower |
| 109:33 | Serpent Ward |
| 112:50 | Black Arrow |
| 117:05 | Troll Batrider |
| 117:05 | Troll Batrider |
| Right click | 8153 |
| Select group | 4002 |
| Select | 3414 |
| Misc. action | 1692 |
| Chat | 678 |
| Use ability | 607 |
| Build/train/purchase | 526 |
| Assign group | 125 |
| Item give/drop | 20 |
| Esc | 5 |
117 units @ 19.2k
/ 3.4k
27 buildings @ 5.3k
/ 2.4k



| Healing Salve | 3 | 300 |
| Lesser Clarity Potion | 5 | 350 |
| Potion of Mana | 5 | 1000 |
| Orb of Lightning | 2 | 750 |
| Potion of Healing | 3 | 450 |
| Scroll of Healing | 3 | 750 |
| Potion of Lesser Invulnerability | 5 | 750 |
| Periapt of Vitality | 3 | 975 |
| Circlet of Nobility | 3 | 525 |
| Boots of Speed | 1 | 250 |
| total: | 33 | 6100g |
| Peon | 16 | 1200 | / | 0 |
| Troll Headhunter | 12 | 1680 | / | 240 |
| Tauren | 17 | 4760 | / | 1360 |
| Troll Berserker | 35 | 4900 | / | 700 |
| Kodo Beast | 4 | 1020 | / | 240 |
| Shaman | 11 | 1430 | / | 220 |
| Raider | 3 | 540 | / | 120 |
| Spirit Walker | 2 | 390 | / | 70 |
| Troll Witch Doctor | 9 | 1305 | / | 225 |
| Wind Rider | 6 | 1590 | / | 240 |
| Grunt | 2 | 400 | / | 0 |
| total: | 117 | 19215g | / | 3415w |
| Watch Tower | 3 | 330 | / | 240 |
| Altar of Storms | 1 | 180 | / | 50 |
| Orc Burrow | 9 | 1440 | / | 360 |
| War Mill | 2 | 410 | / | 0 |
| Barracks | 1 | 180 | / | 50 |
| Voodoo Lounge | 1 | 130 | / | 30 |
| Great Hall | 5 | 1925 | / | 925 |
| Tauren Totem | 2 | 270 | / | 310 |
| Spirit Lodge | 2 | 300 | / | 300 |
| Beastiary | 1 | 145 | / | 140 |
| Stronghold | 1 | 315 | / | 190 |
| Fortress | 1 | 325 | / | 190 |
| total: | 27 | 5310g | / | 2405w |
| 0:04 | Peon |
| 0:04 | Peon |
| 0:12 | Altar of Storms |
| 0:19 | Orc Burrow |
| 0:22 | Peon |
| 0:41 | Peon |
| 0:53 | War Mill |
| 0:58 | Peon |
| 1:18 | Barracks |
| 1:27 | Peon |
| 1:49 | Voodoo Lounge |
| 1:57 | Orc Burrow |
| 2:07 | Peon |
| 2:14 | Peon |
| 2:21 | Mirror Image |
| 2:32 | Troll Headhunter |
| 2:32 | Troll Headhunter |
| 3:28 | Troll Headhunter |
| 3:29 | Stronghold |
| 3:32 | Troll Headhunter |
| 3:46 | Steel Ranged Weapons |
| 3:59 | Orc Burrow |
| 4:05 | Healing Salve |
| 4:19 | Troll Headhunter |
| 4:33 | Troll Headhunter |
| 4:50 | Critical Strike |
| 5:09 | Troll Headhunter |
| 5:10 | Troll Headhunter |
| 6:21 | Healing Salve |
| 7:08 | Healing Wave |
| 7:15 | Critical Strike |
| 7:32 | Fortress |
| 7:40 | Great Hall |
| 7:55 | Steel Armor |
| 8:48 | Troll Headhunter |
| 8:48 | Troll Headhunter |
| 8:48 | Troll Headhunter |
| 8:55 | Tauren Totem |
| 9:14 | Troll Regeneration |
| 9:16 | Thorium Ranged Weapons |
| 9:30 | Lesser Clarity Potion |
| 9:31 | Healing Salve |
| 9:32 | Potion of Mana |
| 9:51 | Troll Headhunter |
| 10:28 | Hex |
| 10:36 | Orc Burrow |
| 11:22 | War Stomp |
| 11:25 | Peon |
| 11:26 | Peon |
| 11:26 | Peon |
| 11:26 | Peon |
| 11:38 | Berserker Upgrade |
| 11:40 | Tauren |
| 11:41 | Tauren |
| 12:12 | Healing Wave |
| 12:17 | Orc Burrow |
| 12:23 | Pulverize |
| 12:30 | Spirit Lodge |
| 12:48 | Troll Berserker |
| 12:48 | Troll Berserker |
| 13:03 | Mirror Image |
| 13:09 | Endurance Aura |
| 13:18 | Orc Burrow |
| 13:20 | Spiked Barricades |
| 14:05 | Potion of Lesser Invulnerability |
| 14:17 | Beastiary |
| 14:23 | Shaman Adept Training |
| 14:25 | Reinforced Defenses |
| 15:20 | Tauren |
| 15:24 | Peon |
| 15:24 | Peon |
| 16:03 | Kodo Beast |
| 18:00 | Shaman Master Training |
| 18:01 | Tauren |
| 18:01 | Tauren |
| 18:05 | Troll Berserker |
| 18:05 | Troll Berserker |
| 18:05 | Troll Berserker |
| 18:05 | Troll Berserker |
| 18:05 | Troll Berserker |
| 18:06 | Troll Berserker |
| 18:06 | Troll Berserker |
| 18:06 | Troll Berserker |
| 18:10 | Kodo Beast |
| 18:22 | Lesser Clarity Potion |
| 18:23 | Potion of Mana |
| 18:25 | Lesser Clarity Potion |
| 18:36 | Arcanite Ranged Weapons |
| 18:44 | War Drums Damage Increase |
| 18:52 | Peon |
| 18:52 | Peon |
| 19:00 | Shaman |
| 19:00 | Shaman |
| 19:10 | War Mill |
| 19:24 | Steel Melee Weapons |
| 20:17 | Witch Doctor Adept Training |
| 20:25 | Raider |
| 20:25 | Raider |
| 21:05 | Thorium Armor |
| 21:15 | Orc Burrow |
| 21:15 | Orc Burrow |
| 21:20 | Improved Spiked Barricades |
| 21:33 | Potion of Lesser Invulnerability |
| 22:00 | Thorium Melee Weapons |
| 22:17 | Ensnare |
| 22:45 | Arcanite Armor |
| 23:03 | Tauren |
| 23:05 | Tauren |
| 25:43 | Arcanite Melee Weapons |
| 27:06 | Tauren |
| 27:06 | Tauren |
| 27:27 | Spirit Walker |
| 27:27 | Spirit Walker |
| 27:30 | Witch Doctor Master Training |
| 27:32 | Shaman |
| 27:32 | Shaman |
| 27:32 | Shaman |
| 27:37 | Kodo Beast |
| 27:51 | Orb of Lightning |
| 27:52 | Potion of Healing |
| 27:58 | Potion of Mana |
| 27:58 | Potion of Mana |
| 27:59 | Lesser Clarity Potion |
| 28:36 | Troll Berserker |
| 28:36 | Troll Berserker |
| 28:37 | Troll Berserker |
| 28:38 | Troll Berserker |
| 28:55 | Great Hall |
| 29:08 | Spirit Lodge |
| 29:43 | Watch Tower |
| 29:51 | Spirit Walker Adept Training |
| 29:54 | Troll Witch Doctor |
| 29:54 | Troll Witch Doctor |
| 30:03 | Liquid Fire |
| 30:52 | Great Hall |
| 33:14 | Spirit Walker Master Training |
| 34:03 | Endurance Aura |
| 34:42 | Hex |
| 35:39 | Tauren |
| 35:39 | Tauren |
| 35:39 | Tauren |
| 35:58 | Great Hall |
| 36:29 | Troll Berserker |
| 36:29 | Troll Berserker |
| 36:30 | Troll Berserker |
| 36:30 | Troll Berserker |
| 36:45 | Shaman |
| 36:45 | Shaman |
| 36:45 | Troll Witch Doctor |
| 36:46 | Troll Witch Doctor |
| 37:17 | Tauren Totem |
| 37:21 | Tauren |
| 37:29 | Kodo Beast |
| 39:20 | Envenomed Spears |
| 39:21 | Wind Rider |
| 39:21 | Wind Rider |
| 39:21 | Wind Rider |
| 40:05 | Grunt |
| 40:05 | Troll Berserker |
| 40:06 | Grunt |
| 40:07 | Troll Berserker |
| 40:07 | Troll Berserker |
| 40:07 | Troll Berserker |
| 41:31 | Healing Wave |
| 41:42 | Troll Berserker |
| 42:15 | Potion of Lesser Invulnerability |
| 42:15 | Periapt of Vitality |
| 42:15 | Circlet of Nobility |
| 42:16 | Scroll of Healing |
| 44:24 | Watch Tower |
| 44:28 | Watch Tower |
| 44:30 | Orc Burrow |
| 46:02 | Great Hall |
| 48:52 | War Stomp |
| 49:54 | Troll Berserker |
| 49:55 | Troll Berserker |
| 49:55 | Troll Berserker |
| 50:51 | Troll Berserker |
| 50:51 | Troll Berserker |
| 50:51 | Troll Berserker |
| 51:00 | Wind Rider |
| 51:00 | Wind Rider |
| 51:01 | Wind Rider |
| 51:03 | Raider |
| 51:36 | Potion of Lesser Invulnerability |
| 51:37 | Circlet of Nobility |
| 51:38 | Periapt of Vitality |
| 51:39 | Scroll of Healing |
| 51:50 | Boots of Speed |
| 51:52 | Scroll of Healing |
| 54:54 | Tauren |
| 54:55 | Tauren |
| 55:04 | Troll Witch Doctor |
| 55:04 | Troll Witch Doctor |
| 55:05 | Shaman |
| 55:05 | Shaman |
| 55:17 | Potion of Healing |
| 55:17 | Potion of Healing |
| 55:30 | Troll Berserker |
| 55:30 | Troll Berserker |
| 55:30 | Troll Berserker |
| 55:30 | Troll Berserker |
| 55:31 | Troll Berserker |
| 55:31 | Troll Berserker |
| 57:02 | Potion of Lesser Invulnerability |
| 57:03 | Periapt of Vitality |
| 57:03 | Circlet of Nobility |
| 57:39 | Potion of Mana |
| 57:41 | Lesser Clarity Potion |
| 57:45 | Orb of Lightning |
| 58:25 | Troll Witch Doctor |
| 58:25 | Troll Witch Doctor |
| 58:28 | Shaman |
| 59:57 | Troll Witch Doctor |
| 59:58 | Shaman |
| 62:06 | Tauren |
| 62:06 | Tauren |
| Right click | 1576 |
| Select | 817 |
| Select group | 454 |
| Build/train/purchase | 271 |
| Use ability | 99 |
| Assign group | 80 |
| Remove unit | 6 |
| Item give/drop | 3 |